 Dungeon Crawl Stone Soup version 0.21.1-1-g345015f (webtiles) character file.

23 Labyrinth the Insei (level 2, 0/21 HPs)
             Began as a Merfolk Transmuter on July 21, 2018.
             Slain by an adder (4 damage)
             ... on level 2 of the Dungeon.
             The game lasted 00:10:13 (1129 turns).

Labyrinth the Insei (Merfolk Transmuter)            Turns: 1129, Time: 00:10:17

Health: 0/21       AC:  6    Str: 10    XL:     2   Next: 95%
Magic:  3/5        EV:  9    Int: 12    God:
Gold:   66         SH:  0    Dex: 14    Spells: 2/5 levels left

rFire    . . .     SeeInvis .   n - +0 hand axe
rCold    . . .     Gourm    .   (no shield)
rNeg     . . .     Faith    .   e - +0 scale mail
rPois    .         Spirit   .   (no helmet)
rElec    .         Reflect  .   (no cloak)
rCorr    .         Harm     .   (no gloves)
MR       .....                  (no boots)
Stlth    ..........             (no amulet)
HPRegen  0.07/turn              (no ring)
MPRegen  0.09/turn              (no ring)

@: lethally poisoned (0 -> -9), appendage (expiring), very slightly contaminated
A: change form in water, swift swim, stealthy swim, horns 2
a: End Transformation


You were on level 2 of the Dungeon.
You were not hungry.
You had grown temporary horns.
You visited 1 branch of the dungeon, and saw 2 of its levels.

You collected 66 gold pieces.

Inventory:

Hand Weapons
 j - a +0 dagger
 l - a +0 club
 n - a +0 hand axe (weapon)
 o - a +0 club
 p - a +0 club
 s - a +0 club
 v - a +0 hunting sling
 w - a +0 dagger
 x - a +0 whip
 y - a +0 mace
Missiles
 a - 26 arrows
 h - 15 poisoned needles (quivered)
 u - 42 stones
 z - 26 bolts
Armour
 b - a +0 robe
 e - a +0 scale mail (worn)
 g - a +0 robe
Scrolls
 k - a scroll of fog {unknown}
 q - 2 scrolls of identify {unknown}
Potions
 i - a potion of heal wounds
 m - a potion of haste {unknown}
 r - a potion of curing {unknown}
 t - a potion of flight {unknown}
Books
 c - a book of Changes

   Spells                             Type                      Level
   a - Beastly Appendage              Transmutation                1
   b - Sticks to Snakes               Transmutation                2
   c - Spider Form                    Transmutation/Poison         3
   d - Ice Form                       Ice/Transmutation            4
   e - Blade Hands                    Transmutation                5
Comestibles
 d - 3 rations


   Skills:
 + Level 1.1 Fighting
 + Level 0.1 Armour
 + Level 3.1 Dodging
 + Level 4.1 Unarmed Combat
 + Level 2.1 Spellcasting
 + Level 2.7 Transmutations


You had 2 spell levels left.
You knew the following spells:

 Your Spells              Type           Power        Failure   Level  Hunger
a - Beastly Appendage     Tmut           #.....       52%         1    ##.....
b - Sticks to Snakes      Tmut           #.......     67%         2    ###....


Dungeon Overview and Level Annotations

Branches:
Dungeon (2/15)

Altars:

Annotations:
D:2 Jessica


Innate Abilities, Weirdness & Mutations

You revert to your normal form in water.
You are very nimble and swift while swimming.
You are very stealthy in the water. (Stealth+)
You have a pair of horns on your head.


Message History

Wield which item (- for none, * to show all)? (? for menu, Esc to quit)
n - a +0 hand axe (weapon)
The adder bites you but does no damage. Jessica hits you but does no damage.
That item cannot be evoked!
Casting: Beastly Appendage
Confirm with . or Enter, or press ? or * to list all spells.
You miscast Beastly Appendage.
You are very lightly contaminated with residual magic.
The air around you crackles with energy!
You feel sick. Jessica gestures at you while chanting.
Pain shoots through your body! The adder bites you but does no damage.
Casting: Beastly Appendage
Confirm with . or Enter, or press ? or * to list all spells.
You grow a pair of large bovine horns.
Jessica barely misses you. The adder bites you.
* * * LOW HITPOINT WARNING * * *
You are lethally poisoned!
The adder poisons you! Jessica barely misses you. The adder bites you.
You die...

### .. .#
#?#########.#####.
#.........@.......
#.<...@...#
.......####S##.#
###.#.. ..." # #.#
##.##.. .. #.# .#
>#. .%. .. #.# !(.
# # ###


You could see an adder and Jessica.

Vanquished Creatures
  2 leopard geckos (D:1)
  2 goblins (D:1)
  5 hobgoblins (D:1)
  2 jackals (D:1)
  3 bats (D:1)
  A frilled lizard (D:1)
  2 kobolds (D:1)
  3 rats (D:1)
20 creatures vanquished.

Notes
Turn   | Place    | Note
-------+----------+-------------------------------------------
     0 | D:1      | Labyrinth the Merfolk Transmuter began the quest for the Orb.
     0 | D:1      | Reached XP level 1. HP: 15/15 MP: 3/3
   193 | D:1      | Reached XP level 2. HP: 20/21 MP: 5/5
   197 | D:1      | Learned a level 2 spell: Sticks to Snakes
   226 | D:1      | Noticed a troll
   382 | D:1      | Reached skill level 4 in Unarmed Combat
  1119 | D:2      | Noticed Jessica
  1129 | D:2      | Slain by an adder

Skill      XL: |  1  2 |
---------------+-------+-----
Unarmed Combat | 4 |  4.1
Dodging        | 3 |  3.1
Fighting       | |  1.1
Armour         | |  0.1
Spellcasting   | |  2.1
Transmutations | |  2.7

Action                   || total
-------------------------++-------
Melee: Unarmed           ||    19
       Dagger            ||    23
       Headbutt          ||     2
       Punch             ||     1
       Hand axe          ||    17
       Club              ||    16
 Fire: Hunting sling     ||     3
 Cast: Beastly Appendage ||     6
  Use: Potion            ||     1
  Eat: Chunk             ||     1
Armor: Scale mail        ||    48
Dodge: Dodged            ||    57
